 Dungeon Crawl Stone Soup version 0.28.0-43-g3370ac3207 (webtiles) character file.

Game seed: 17185776320897823711

395 silky the Skirmisher (level 6, 0/56 HPs)
             Began as a Minotaur Fighter on Mar 29, 2022.
             Slain by a gnoll
             ... wielding a +0 spear
              (4 damage)
             ... on level 5 of the Dungeon.
             The game lasted 00:13:09 (3597 turns).

silky the Skirmisher (Minotaur Fighter)             Turns: 3597, Time: 00:13:11

Health: 0/56       AC: 12    Str: 22    XL:     6   Next: 52%
Magic:  5/5        EV:  6    Int:  5    God:
Gold:   127        SH:  4    Dex: 10    Spells: 5/5 levels left

rFire   . . .      SeeInvis .   m - +0 broad axe
rCold   . . .      Faith    .   c - +0 buckler
rNeg    . . .      Spirit   .   j - +0 plate armour
rPois   .          Reflect  .   (helmet restricted)
rElec   .          Harm     .   i - scarf {repulsion}
rCorr   .          Rampage  .   (no gloves)
Will    .....                   (no boots)
Stlth   ..........              (no amulet)
HPRegen 0.18/turn               (no ring)
MPRegen 0.09/turn               (no ring)

@: repel missiles
A: horns 2, retaliatory headbutt
a: no special abilities


You were on level 5 of the Dungeon.
You visited 1 branch of the dungeon, and saw 5 of its levels.

You collected 127 gold pieces.

Inventory:

Hand Weapons
 m - a +0 broad axe (weapon)
Missiles
 q - 2 boomerangs (quivered)
Armour
 c - a +0 buckler (worn)
 i - a scarf of repulsion (worn)
 j - a +0 plate armour (worn)
Wands
 p - a wand of polymorph (9)
 r - a wand of charming (8)
Scrolls
 a - a scroll of enchant armour
 l - a scroll of immolation
 t - a scroll of amnesia {unknown}
Potions
 b - a potion of curing {unknown}
 d - a potion of might
 f - a potion of brilliance
 k - a potion of heal wounds {unknown}
 n - a potion of haste {unknown}
 o - a potion of ambrosia {unknown}
 s - a potion of lignification {unknown}
 u - a potion of degeneration {unknown}


   Skills:
 + Level 5.2 Fighting
 + Level 4.7(5.2) Axes
 + Level 3.4(4.6) Polearms
 + Level 5.0 Armour
 + Level 0.5 Dodging
 + Level 4.5 Shields


You had 5 spell levels left.
You didn't know any spells.
Your spell library contained the following spells:

 Spells                   Type           Power      Damage    Failure   Level
 Magic Dart               Conj           0%         1d3       100%        1
 Call Imp                 Summ           0%         N/A       100%        2
 Mephitic Cloud           Conj/Pois/Air  0%         N/A       100%        3


Dungeon Overview and Level Annotations

Branches:
Dungeon (5/15)
 Temple: D:4-7

Altars:
Dithmenos
Okawaru
Qazlal

Shops:
D:2 *

Annotations:
D:5 Pikel


Innate Abilities, Weirdness & Mutations

You have a pair of horns on your head.
You reflexively headbutt those who attack you in melee.


Message History

A centaur comes into view.
Found a stone staircase leading up.
The gnoll shouts!
The centaur shouts!
The gnoll hits you but does no damage.
The centaur wields a +0 shortbow.
The centaur shoots an arrow.
The arrow barely misses you.
The centaur shoots an arrow.
The arrow hits you!
The centaur shoots an arrow.
The arrow barely misses you.
You closely miss the adder. You headbutt the adder!
The adder is severely wounded.
The adder bites you but does no damage. The gnoll hits you but does no damage.
The adder bites you but does no damage.
You miss the adder.
The adder is severely wounded.
The adder bites you but does no damage.
The gnoll hits you from afar with a +0 spear.
The adder bites you but does no damage.
You closely miss the adder. You headbutt the adder.
You kill the adder!
The centaur shoots an arrow.
The arrow closely misses you.
The centaur shoots an arrow.
The arrow hits you.
* * * LOW HITPOINT WARNING * * *
The gnoll hits you but does no damage.
You hit the gnoll. You headbutt the gnoll.
The gnoll is severely wounded.
The gnoll hits you from afar with a +0 spear.
* * * LOW HITPOINT WARNING * * *
The gnoll hits you but does no damage. The gnoll barely misses you.
You furiously retaliate!
You headbutt the gnoll, but do no damage.
You block the gnoll's attack.
Unknown command.
You slash the gnoll!
You kill the gnoll!
The gnoll barely misses you.
The centaur shoots an arrow.
The arrow barely misses you.
The gnoll hits you from afar with a +0 spear.
* * * LOW HITPOINT WARNING * * *
The gnoll hits you from afar with a +0 spear.
You die... ### ##### #@# ....# ###)## #.5.## #5gcg#

§§..Y## ####KYZ.#
§..§§Z#####..Z.O..##
§..§§§§#...........#
§...§.§OY#.......###
.._§§§.§§##.......#
§.§§§§§§§#####....#


You could see Pikel, an ice beast, an ogre, a centaur, 2 gnolls, a bullfrog
zombie and a centaur skeleton.

Vanquished Creatures
  An ogre (D:4)
  A lemure (D:4)
  A scorpion (D:4)
  A gnoll shaman (D:4)
  An iguana (D:3)
  A killer bee zombie (D:4)
  A hound skeleton (D:4)
  4 gnolls
  7 adders
  A worm (D:2)
  3 dart slugs
  7 ball pythons
  A bat (D:3)
  4 endoplasms
  A giant cockroach (D:3)
  5 hobgoblins
  6 jackals
  7 quokkas
  4 frilled lizards
  5 goblins
  A kobold (D:1)
  4 rats
67 creatures vanquished.

Vanquished Creatures (others)
  A gnoll (D:4)
  A jackal (D:4)
2 creatures vanquished.

Grand Total: 69 creatures vanquished

Notes
Turn   | Place    | Note
-------+----------+-------------------------------------------
     0 | D:1      | silky the Minotaur Fighter began the quest for the Orb.
     0 | D:1      | Reached XP level 1. HP: 19/19 MP: 0/0
   165 | D:1      | Reached XP level 2. HP: 25/27 MP: 1/1
   250 | D:1      | Found a faded altar of an unknown god.
   574 | D:1      | You fall into a shaft and drop 1 floor!
   574 | D:2      | Found Etwoasch's General Store.
   577 | D:2      | Reached XP level 3. HP: 33/33 MP: 2/2
  1166 | D:3      | Reached skill level 1 in Axes
  1166 | D:3      | Reached XP level 4. HP: 38/40 MP: 3/3
  1997 | D:4      | Reached XP level 5. HP: 44/47 MP: 4/4
  2038 | D:4      | Found a stormy altar of Qazlal.
  2649 | D:4      | Reached XP level 6. HP: 12/55 MP: 5/5
  2653 | D:4      | Reached skill level 5 in Fighting
  3061 | D:4      | Reached skill level 5 in Armour
  3362 | D:5      | Entered Level 5 of the Dungeon
  3362 | D:5      | Found an iron altar of Okawaru.
  3365 | D:5      | Noticed Pikel
  3563 | D:5      | Found a shadowy altar of Dithmenos.
  3563 | D:5      | Noticed an ice beast
  3597 | D:5      | Slain by a gnoll

Illustrated notes

Levels and vault maps discovered:
D:1:      roderic_chinese_lattice_arrival, layout_rooms,
          dreamdust_ecumenical_altar_angels_and_demons
D:2:      layout_rooms, serial_shops, shop
D:3:      layout_loops_ring, columned_hall_lemuel
D:4:      layout_loops_cross, nicolae_qazlal_scattered_showers,
          kennysheep_generic_room_16
D:5:      layout_cave_pools, pdpol_wu_jian_five_deadly_venoms,
          nicolae_dithmenos_the_darkroom, okawaru_trees_1, uniq_pikel

Skill      XL: |  1  2  3  4  5  6 |
---------------+-------------------+-----
Armour         | 4 5 |  5.0
Shields        | 4 |  4.5
Fighting       | 4 5 |  5.2
Polearms       | 3 |  3.4
Axes           | 1 3 4 |  4.7
Dodging        | |  0.5

Action                   |  1- 3 |  4- 6 || total
-------------------------+-------+-------++-------
Melee: Trident           |    54 |       ||    54
       Headbutt          |     8 |    16 ||    24
       Broad axe         |    30 |   118 ||   148
Evoke: Wand              |       |     2 ||     2
  Use: Scroll            |       |     7 ||     7
       Potion            |       |     1 ||     1
Armor: Scale mail        |    14 |       ||    14
       Plate armour      |    23 |   117 ||   140
Dodge: Dodged            |    27 |    54 ||    81
       Repelled          |       |     1 ||     1
Block: Buckler           |    16 |    40 ||    56
